 Dungeon Crawl Stone Soup version 0.30-a0-166-g5d06c95188 (webtiles) character file.

Game seed: 3330664110955787030

683 Caerun the Cudgeller (level 7, -2/58 HPs)
             Began as a Palentonga Berserker on Sept 29, 2022.
             Was a Believer of Trog.
             Splashed by a jelly's acid (6 damage)
             ... on level 5 of the Dungeon.
             The game lasted 00:08:16 (5180 turns).

Caerun the Cudgeller (Palentonga Berserker)         Turns: 5180, Time: 00:08:17

Health: -2/58      AC: -2    Str: 24    XL:     7   Next: 35%
Magic:  7/7        EV:  6    Int:  7    God:    Trog [**....]
Gold:   154        SH:  0    Dex: 10    Spells: 6/6 levels left

rFire   + + .      SeeInvis +    a - +1 mace
rCold   . . .      Faith    .    (no shield)
rNeg    + . .      Spirit   .    w - +2 chain mail {rN+}
rPois   .          Reflect  .    (no helmet)
rElec   .          Harm     .    (no cloak)
rCorr   .          Rampage  .    (no gloves)
Will    ++...                    (no barding)
Stlth   ..........               k - amulet of regeneration
HPRegen 1.99/turn                c - ring of protection from fire
MPRegen 0.10/turn                l - ring of protection from fire

@: strong-willed, corroded, regenerating, curled up
A: large, rugged brown scales 3, see invisible, deformed body, roll 1, armoured
tail, reflexive curl
a: Rolling Charge, Renounce Religion, Berserk, Trog's Hand


You were on level 5 of the Dungeon.
You worshipped Trog.
Trog was pleased with you.
You visited 1 branch of the dungeon, and saw 5 of its levels.

You collected 154 gold pieces.

Inventory:

Hand Weapons
 a - a +1 mace (weapon)
 y - the +0 rapier "Heohuac" {vorpal, rPois Int+4 Dex+4}
   (You found it on level 5 of the Dungeon)

   It inflicts extra damage upon your enemies.
   Int:       It affects your intelligence (+4).
   Dex:       It affects your dexterity (+4).
   rPois:     It protects you from poison.
Armour
 w - a +2 chain mail of positive energy (worn)
Jewellery
 c - a ring of protection from fire (left hand)
 k - an amulet of regeneration (around neck)
 l - a ring of protection from fire (right hand)
 t - a ring of positive energy
Wands
 q - a wand of polymorph (12)
 u - a wand of acid (8)
 v - a wand of paralysis (7)
Scrolls
 d - a scroll of vulnerability
 e - 2 scrolls of poison {unknown}
 g - 2 scrolls of teleportation {unknown}
 i - 2 scrolls of enchant weapon
 j - 2 scrolls of fog {unknown}
 m - a scroll of fear {unknown}
 o - 2 scrolls of identify {unknown}
 p - a scroll of enchant armour {unknown}
Potions
 b - 4 potions of mutation {unknown}
 f - a potion of heal wounds {unknown}
 h - a potion of brilliance {unknown}
 n - a potion of ambrosia {unknown}
 r - 3 potions of lignification {unknown}
 s - 2 potions of attraction {unknown}
 x - a potion of resistance {unknown}
 z - 2 potions of flight
 A - a potion of degeneration {unknown}
 B - a potion of berserk rage {unknown}


   Skills:
 + Level 4.7 Fighting
 * Level 6.3 Maces & Flails
 * Level 3.6 Armour
 + Level 2.1 Dodging
 + Level 0.2 Stealth


You had 6 spell levels left.
You didn't know any spells.
Your spell library was empty.

Dungeon Overview and Level Annotations

Branches:
Dungeon (5/15)             Temple (0/1) D:5

Altars:
Cheibriados
Wu Jian
The Shining One


Innate Abilities, Weirdness & Mutations

You are completely covered in rugged brown scales. (AC +3, +7% HP)
You have supernaturally acute eyesight. (SInv)
Armour fits poorly on your strangely shaped body.
You can roll at nearby foes to attack.
You have a long armoured tail.
You curl defensively after being hit. (AC +7*)


Message History

There is an open door here.
A jelly comes into view.
Found a scroll labelled TONLUCSUIWE.
Found a stone staircase leading up.
The jelly quivers.
Roll where?
Press: ? - help, Q - select action, (/) - cycle Dir - move target, f - jelly
Aim: a jelly You roll forward with a clatter of scales!
You thump the jelly! The acid corrodes you!
Your hands burn!
You tail-slap the jelly, but do no damage.
The jelly is heavily wounded.
The jelly hits you. The acid corrodes you!
You are splashed with acid.
You hit the jelly but do no damage.
Your hands burn!
The jelly is heavily wounded.
The jelly hits you. The acid corrodes you!
You are splashed with acid!
You hit the jelly but do no damage.
Your hands burn!
The jelly is heavily wounded.
The jelly hits you. The acid corrodes you!
You are splashed with acid!
You hit the jelly but do no damage.
Your hands burn!
The jelly is heavily wounded.
The jelly hits you.
You are splashed with acid!
* * * LOW HITPOINT WARNING * * *
You barely miss the jelly.
The jelly is heavily wounded.
The jelly hits you.
* * * LOW HITPOINT WARNING * * *
The acid corrodes you!
You are splashed with acid!
* * * LOW HITPOINT WARNING * * *
There's nothing you can charge at! The jelly attacks as you move away!
The jelly hits you.
* * * LOW HITPOINT WARNING * * *
You are splashed with acid.
* * * LOW HITPOINT WARNING * * *
Your skin crawls.
You feel strong-willed. The jelly hits you.
* * * LOW HITPOINT WARNING * * *
The acid corrodes you!
You are splashed with acid.
You die...

..#######.####...#.### #....
#...........##.# #.... #
#.###.########.#
#.....#.###.###.# ##+##
#.....#.....(...# ##...##
....#.##..##### ##.....# #
?.. #...#.## ##....... #
..#.##.###.>....####........
+
.<........J@.......'>.......
#
.....#.#####....####..).....
# .#. #. #.#.## ##....... #.
#.### ##.....# #. #.#
##...## .. ###.### ##'## ##
#.....# #.# #..#..# #.#
#.###.# #######.##


You could see a jelly.

Vanquished Creatures
  Sigmund (D:3)
  An ogre (D:5)
  A scorpion (D:4)
  A howler monkey (D:5)
  An iguana (D:5)
  5 orc wizards
  Ijyb (D:4)
  3 gnolls (D:2)
  4 adders
  A worm (D:4)
  2 dart slugs
  9 orcs
  5 ball pythons
  6 endoplasms
  3 giant cockroaches
  4 hobgoblins
  13 jackals
  4 kobolds
  4 quokkas
  4 bats
  A frilled lizard (D:2)
  7 goblins
  7 rats
88 creatures vanquished.

Notes
Turn   | Place    | Note
-------+----------+-------------------------------------------
     0 | D:1      | Caerun the Palentonga Berserker began the quest for the
                  | Orb.
     0 | D:1      | Reached XP level 1. HP: 19/19 MP: 1/1
   218 | D:1      | Reached XP level 2. HP: 21/25 MP: 2/2
  1315 | D:2      | Reached XP level 3. HP: 31/31 MP: 3/3
  1469 | D:2      | Reached skill level 4 in Maces & Flails
  1475 | D:2      | Reached ** piety under Trog
  1905 | D:2      | Found a faded altar of an unknown god.
  1919 | D:2      | Reached XP level 4. HP: 39/39 MP: 4/4
  3278 | D:3      | Found an ornate altar of the Wu Jian Council.
  3313 | D:3      | Noticed Sigmund
  3321 | D:3      | Killed Sigmund
  3322 | D:3      | Reached skill level 5 in Maces & Flails
  3322 | D:3      | Reached XP level 5. HP: 44/44 MP: 5/5
  3322 | D:3      | Reached XP level 6. HP: 51/51 MP: 6/6
  3418 | D:3      | Found a snail-covered altar of Cheibriados.
  3433 | D:3      | Found a glowing golden altar of the Shining One.
  4054 | D:4      | Noticed Ijyb
  4072 | D:4      | Paralysed by Ijyb for 3 turns
  4078 | D:4      | Killed Ijyb
  4543 | D:5      | Entered Level 5 of the Dungeon
  4771 | D:5      | Gained mutation: You curl defensively after being hit. (AC
                  | +7*) [Palentonga growth]
  4771 | D:5      | Reached XP level 7. HP: 58/58 MP: 7/7
  4773 | D:5      | Reached skill level 6 in Maces & Flails
  4921 | D:5      | Identified the +0 rapier "Heohuac" {vorpal, rPois Int+4
                  | Dex+4}
  5106 | D:5      | Found a staircase to the Ecumenical Temple.
  5179 | D:5      | HP: 2/58 [acid (4)]
  5180 | D:5      | Splashed by a jelly's acid

Illustrated notes

Levels and vault maps discovered:
D:1:      dpeg_arrival_three_smaller_balls, layout_basic,
          kennysheep_minor_cross, minmay_tromino_v4_a
D:2:      layout_basic, ebering_ecumenical_altar_webs,
          minmay_stone_trees_medium, minivault_27
D:3:      layout_loops_ring, mainiacjoe_overflow_alcove_1,
          nicolae_wu_jian_glorious_leap, cheibriados_altar_1, uniq_sigmund
D:4:      layout_basic, nrook_mini_vaults, uniq_ijyb
D:5:      layout_loops_corners, minmay_temple_entry_butterflies,
          grunt_decor_arrowhead

Skill      XL: |  1  2  3  4  5  6  7 |
---------------+----------------------+-----
Maces & Flails | 4 5 6 |  6.3
Armour         | 2 3 |  3.6
Fighting       | 4 |  4.7
Dodging        | 2 |  2.1
Stealth        | |  0.2

Action                   |  1- 3 |  4- 6 |  7- 9 || total
-------------------------+-------+-------+-------++-------
Melee: Mace              |    80 |   156 |    21 ||   257
       Tailslap          |     6 |    20 |     4 ||    30
       Punch             |       |     4 |     1 ||     5
Invok: Trog's Hand       |       |     3 |     1 ||     4
       Berserk           |       |     2 |       ||     2
 Abil: Rolling Charge    |     2 |     4 |     2 ||     8
  Use: Scroll            |       |     2 |       ||     2
       Potion            |       |     2 |       ||     2
Armor: Animal skin       |    18 |       |       ||    18
       Ring mail         |    10 |    47 |       ||    57
       Chain mail        |       |    11 |     6 ||    17
Dodge: Dodged            |    39 |    60 |     5 ||   104

Table legend: (Time is in decaauts)
 A = Elapsed time spent in this place.
 B = Non-inter-level travel time spent in this place.
 C = Inter-level travel time spent in this place.
 D = Time resting spent in this place.
 E = Time spent auto-exploring this place.
 F = Levels seen in this place.
 G = Mean time per level.
                   A        B        C        D        E       F      G
               +--------+--------+--------+--------+--------+-----+--------+
         Total |   5238 |   5114 |    124 |    366 |   4030 |   5 | 1047.6 |
       Dungeon |   5238 |   5114 |    124 |    366 |   4030 |   5 | 1047.6 |
               +--------+--------+--------+--------+--------+-----+--------+

Top non-repeatable levels by time:
     D:2: 1592 daAuts
     D:3: 1271 daAuts
     D:1: 937 daAuts
     D:4: 796 daAuts
     D:5: 640 daAuts
